 Dungeon Crawl Stone Soup version 0.27.1-1-g398f81649c (webtiles) character file.

Game seed: 16728332866419959069

70983 Crownlay the Thaumaturge (level 15, -2/115 HPs)
             Began as a Gnoll Ice Elementalist on Sept 18, 2021.
             Was a Follower of Uskayaw.
             Shot with an arrow by Nessos (15 damage)
             ... on level 2 of the Orcish Mines.
             The game lasted 01:06:13 (23626 turns).

Crownlay the Thaumaturge (Gnoll Ice Elementalist)  Turns: 23626, Time: 01:06:13

Health: -2/115     AC: 15    Str: 10    XL:     15   Next: 35%
Magic:  19/30      EV: 16    Int: 27    God:    Uskayaw [*.....]
Gold:   1143       SH: 11    Dex: 13    Spells: 21/36 levels left

rFire    . . .     SeeInvis .   w - staff of cold
rCold    + + .     Faith    .   O - +0 kite shield of Amaabir {rC+ Will++ Str+2}
rNeg     . . .     Spirit   .   p - +0 steam dragon scales
rPois    +         Reflect  .   (no helmet)
rElec    .         Harm     .   V - +1 cloak
rCorr    .         Rampage  .   (no gloves)
Will     +++..                  t - +0 pair of boots
Stlth    +++++.....             U - amulet of regeneration
HPRegen  1.29/turn              T - ring "Olluemui" {rPois AC+4 Int+7}
MPRegen  0.22/turn              A - ring of wizardry

@: no status effects
A: fangs 1, strong nose, distributed training
a: Renounce Religion, Stomp


You were on level 2 of the Orcish Mines.
You worshipped Uskayaw.
Uskayaw was aware of your devotion.
You visited 4 branches of the dungeon, and saw 20 of its levels.
You also visited: Ossuary.

You collected 1715 gold pieces.
You spent 572 gold pieces at shops.

Inventory:

Missiles
 x - a boomerang of dispersal (quivered)
 Y - 6 javelins
Armour
 p - +0 steam dragon scales (worn)
 t - a +0 pair of boots (worn)
 J - the +1 pair of gloves "Vinom" {-Tele rN+++ Will+ Stlth-}
   (You bought it in a shop on level 9 of the Dungeon)

   rN:        It renders you almost immune to negative energy.
   -Tele:     It prevents most forms of teleportation.
   Will:      It increases your willpower.
   Stlth:     It makes you less stealthy.
 O - the +0 kite shield of Amaabir (worn) {rC+ Will++ Str+2}
   (You found it on level 10 of the Dungeon)

   Str:       It affects your strength (+2).
   rC:        It protects you from cold.
   Will:      It greatly increases your willpower.
 V - a +1 cloak (worn)
Magical Staves
 b - a staff of earth
 w - a staff of cold (weapon)
 M - a staff of air
 Q - a staff of poison
 S - a staff of conjuration
Jewellery
 A - a ring of wizardry (right hand)
 I - a ring of protection from fire
 T - the ring "Olluemui" (left hand) {rPois AC+4 Int+7}
   (You acquired it on level 1 of the Lair of Beasts)

   [ring of protection]

   AC:        It affects your AC (+4).
   Int:       It affects your intelligence (+7).
   rPois:     It protects you from poison.
 U - an amulet of regeneration (around neck)
 Z - a ring of ice
Wands
 j - a wand of digging (13)
 B - a wand of mindburst (8)
 L - a wand of acid (31)
 N - a wand of iceblast (13)
 R - a wand of flame (67)
 W - a wand of paralysis (17)
 X - a wand of polymorph (7)
Scrolls
 a - a scroll of immolation
 d - 3 scrolls of magic mapping
 f - 4 scrolls of amnesia
 g - a scroll of summoning
 r - a scroll of fog
 s - 4 scrolls of blinking
 u - 8 scrolls of teleportation
 H - 2 scrolls of holy word
 P - 2 scrolls of vulnerability
Potions
 c - a potion of cancellation
 h - a potion of curing
 k - a potion of berserk rage {unknown}
 l - 2 potions of magic
 o - 2 potions of attraction
 q - 6 potions of haste
 v - 5 potions of mutation
 z - 5 potions of brilliance
 D - 2 potions of invisibility
 E - 8 potions of ambrosia
 F - a potion of resistance
 K - 4 potions of lignification
Miscellaneous
 i - a phantom mirror
 G - a tin of tremorstones (2/2)


   Skills:
 + Level 10.0 Fighting
 + Level 10.0 Short Blades
 + Level 10.0 Long Blades
 + Level 10.0 Axes
 + Level 10.0 Maces & Flails
 + Level 10.0 Polearms
 + Level 10.0 Staves
 + Level 10.0 Slings
 + Level 10.0 Bows
 + Level 10.0 Crossbows
 + Level 10.0 Throwing
 + Level 10.0 Armour
 + Level 10.9 Dodging
 + Level 10.8 Stealth
 + Level 10.0 Shields
 + Level 10.0 Unarmed Combat
 + Level 11.1 Spellcasting
 + Level 8.4 Conjurations
 + Level 8.4 Hexes
 + Level 8.4 Summonings
 + Level 8.4 Necromancy
 + Level 8.4 Translocations
 + Level 8.4 Transmutations
 + Level 8.4 Fire Magic
 + Level 10.9 Ice Magic
 + Level 8.4 Air Magic
 + Level 8.4 Earth Magic
 + Level 8.4 Poison Magic
 + Level 10.8 Invocations
 + Level 10.0 Evocations


You had 21 spell levels left.
You knew the following spells:

 Your Spells              Type           Power      Damage    Failure   Level
a - Freeze                Ice            100%       1d11      1%          1
b - Frozen Ramparts       Ice            100%       1d12      1%          3
c - Ozocubu's Armour      Ice            84%        N/A       1%          3
d - Hailstorm             Conj/Ice       79%        3d16      1%          4
e - Summon Ice Beast      Ice/Summ       79%        N/A       1%          4

Your spell library contained the following spells:

 Spells                   Type           Power      Damage    Failure   Level
 Animate Skeleton         Necr           100%       N/A       1%          1
 Corona                   Hex            63%        N/A       1%          1
 Pain                     Necr           100%       1d9       1%          1
 Sting                    Tmut/Pois      100%       1d8       1%          1
 Blink                    Tloc           N/A        N/A       1%          2
 Ensorcelled Hibernation  Hex/Ice        100%       N/A       1%          2
 Passwall                 Tmut/Erth      47%        N/A       1%          2
 Poisonous Vapours        Pois/Air       100%       N/A       1%          2
 Slow                     Hex            57%        N/A       1%          2
 Confusing Touch          Hex            57%        N/A       1%          3
 Spider Form              Tmut/Pois      28%        N/A       1%          3
 Swiftness                Air            57%        N/A       1%          3
 Tukima's Dance           Hex            57%        N/A       1%          3
 Vampiric Draining        Necr           28%        2d10      1%          3
 Cause Fear               Hex            28%        N/A       1%          4
 Ice Form                 Ice/Tmut       79%        N/A       1%          4
 Leda's Liquefaction      Hex/Erth       28%        N/A       1%          4
 Olgreb's Toxic Radiance  Pois           57%        N/A       1%          4
 Petrify                  Tmut/Erth      57%        N/A       1%          4
 Metabolic Englaciation   Hex/Ice        39%        N/A       1%          5
 Agony                    Necr           57%        N/A       2%          5
 Excruciating Wounds      Necr           28%        N/A       2%          5
 Manifold Assault         Tloc           57%        N/A       2%          5
 Dispersal                Tloc           28%        N/A       14%         6
 Invisibility             Hex            28%        N/A       14%         6
 Shadow Creatures         Summ           N/A        N/A       14%         6
 Statue Form              Tmut/Erth      38%        N/A       14%         6
 Dragon Form              Tmut           28%        N/A       58%         7
 Storm Form               Tmut/Air       28%        N/A       58%         7
 Disjunction              Tloc           28%        N/A       99%         8
 Lehudib's Crystal Spear  Conj/Erth      28%        10d8      99%         8
 Dragon's Call            Summ           28%        N/A       100%        9


Dungeon Overview and Level Annotations

Branches:
Dungeon (11/15)            Temple (1/1) D:6            Lair (6/6) D:8
 Shoals (0/4) Lair:2       Spider (0/4) Lair:2        Slime (0/5) Lair:6
    Orc (2/2) D:9             Elf (0/3) Orc:2       Ossuary (visited)

Altars:
Ashenzari
Cheibriados
Dithmenos
Elyvilon
Fedhas
Gozag
Hepliaklqana
Kikubaaqudgha
Makhleb
Okawaru
Ru
Trog
Uskayaw
Vehumet
Wu Jian
Xom
Yredelemnul
Zin
The Shining One
Beogh
Jiyva
Lugonu

Shops:
D:1 !   D:5 *   D:8 [   D:9 *?!*[   D:10 :   D:11 *   Orc:1 !   Orc:2 *([!

Portals:
Abyss: Lair:6*

Annotations:
Lair:6 2 transporters, MeltyBlood's ghost, journeyman DDHu
Orc:2 Nessos


Innate Abilities, Weirdness & Mutations

You have very sharp teeth.
Your uncanny sense of smell can sniff out nearby items.
Your experience applies equally to all skills.


Message History

The arrow melts your ice beast.
Your ice beast looks as sick as possible!
Nessos shoots an arrow.
The arrow hits your ice beast! The arrow melts your ice beast!
Your ice beast looks as sick as possible!
Nessos shoots an arrow.
The arrow hits your ice beast!! The arrow melts your ice beast.
Your ice beast dies!
Nessos shoots an arrow.
The arrow hits your ice beast!! The arrow melts your ice beast.
Your ice beast dies!
You start removing your armour.
You continue taking off the +1 pair of gloves "Vinom" {-Tele rN+++ Will+ Stlth-}. x2
Nessos shoots an arrow.
Keep disrobing?
The arrow hits you!!
* * * LOW HITPOINT WARNING * * *
The arrow burns you.
* * * LOW HITPOINT WARNING * * *
You can no longer pass through a line of other dancers.
You continue taking off the +1 pair of gloves "Vinom" {-Tele rN+++ Will+ Stlth-}.
Nessos is no longer moving quickly.
You continue taking off the +1 pair of gloves "Vinom" {-Tele rN+++ Will+ Stlth-}.
Nessos casts a spell.
Nessos seems to speed up.
Nessos unwields a +1 longbow of flaming.
It stops flaming.
You block Nessos's attack. Nessos barely misses you.
You finish taking off the +1 pair of gloves "Vinom" {-Tele rN+++ Will+ Stlth-}.
Okay, then.
Okay, then.
You are too injured to fight recklessly!
Throw: 2 boomerangs (disperse)
Press: ? - help, Q - select action, (/) - cycle Shift-Dir - straight line, f/p - Nessos
Aim: Nessos, wearing a +0 barding and quivering arrows (moderately wounded, fast, 77% to hit)
You throw a boomerang of dispersal. The boomerang of dispersal hits Nessos.
Nessos blinks!
Nessos is moderately wounded.
Nessos wields a +1 longbow of flaming.
It bursts into flame!
Nessos shoots an arrow.
The arrow hits you!
You die...

..............c......
.....................
...................#
............)......#
........∩......#...#
...............## .
...∩......†....)##
...........c...#.##
.....#.........§@.#
..........#...##.##
.....#....##.#####
.........#####
........## .......##


You could see Nessos (fast).

Vanquished Creatures
  Rupert (Lair:5)
  An orc warlord (Orc:1)
  Snorg (Lair:6)
  Josephine (Orc:1)
  2 ogre magi (Orc:2)
  6 hydras
  Erolcha (Orc:1)
  A boulder beetle (D:8)
  10 two-headed ogres
  10 death yaks
  Urug (D:10)
  2 thrashing horrors (Lair:6)
  2 deep trolls (Orc:2)
  A wolf spider (Lair:2)
  A deep elf pyromancer (D:11)
  4 lindwurms (Lair:5)
  3 cyclopes
  2 orc sorcerers (Orc:1)
  3 ugly things (Lair:6)
  A manticore (Lair:2)
  3 black mambas
  An unseen horror (D:10)
  2 rime drakes
  Psyche (D:9)
  Maggie (D:10)
  9 cane toads
  7 komodo dragons
  A jumping spider (Lair:2)
  11 trolls
  A large abomination (Lair:6)
  An ancient zyme (Lair:6)
  2 polar bears
  A queen bee (D:10)
  A wind drake (Lair:2)
  13 dream sheep
  23 blink frogs
  2 shadows (D:9)
  Sigmund (D:2)
  30 yaks
  4 wraiths
  A ynoxinul (Lair:6)
  A vampire (D:9)
  4 wyverns
  3 basilisks
  3 chaos spawn (Lair:6)
  A golden eye (shapeshifter) (Lair:6)
  5 wargs
  An acid dragon (Lair:6)
  2 steam dragons
  Duvessa (D:7)
  20 water moccasins
  12 orc warriors
  A swamp drake (Lair:6)
  A sky beast (D:7)
  A black bear (Lair:3)
  An ice beast (D:6)
  A necrophage (D:8)
  22 ogres
  13 wolves
  2 centaurs
  3 phantoms
  4 kobold brigands
  8 bullfrogs
  2 scorpions
  Dowan (D:7)
  A wyvern zombie (D:5)
  3 water moccasin zombies (Ossuary)
  5 small abominations (Lair:6)
  A water moccasin skeleton (D:4)
  31 killer bees (D:10)
  3 electric eels (Lair:6)
  5 howler monkeys
  4 centaur zombies
  5 hounds
  7 orc priests
  2 gnoll shamans
  2 bullfrog skeletons
  Jessica (D:2)
  4 iguanas
  16 orc wizards
  A killer bee zombie (D:6)
  8 ogre zombies (D:9)
  2 mummies (Ossuary)
  16 gnolls
  2 howler monkey zombies
  5 adders
  3 adder skeletons (D:4)
  5 adder zombies (Ossuary)
  A worm (D:2)
  2 dart slugs (D:1)
  49 orcs
  3 bats
  6 endoplasms
  2 giant cockroaches
  5 hobgoblins
  A jackal (D:3)
  2 quokkas (D:1)
  5 ball pythons
  2 frilled lizards
  A gnoll zombie (Ossuary)
  8 goblins
  2 goblin skeletons (D:9)
  5 goblin zombies (D:9)
  A hobgoblin skeleton (D:9)
  3 hobgoblin zombies
  22 kobolds
  4 kobold zombies (Ossuary)
  4 orc skeletons (D:9)
  15 orc zombies
  7 rats
565 creatures vanquished.

Vanquished Creatures (collateral kills)
  A thrashing horror (Lair:6)
  An oklob plant (Lair:2)
  A komodo dragon (Lair:6)
  An ancient zyme (Lair:6)
  3 blink frogs (Lair:6)
  A spriggan (Lair:6)
  A golden eye (shapeshifter) (Lair:6)
  2 chaos spawn (Lair:6)
  2 basilisks (Lair:6)
  4 small abominations (Lair:6)
17 creatures vanquished.

Vanquished Creatures (others)
  22 fungi
  31 plants
53 creatures vanquished.

Grand Total: 635 creatures vanquished

Notes
Turn   | Place    | Note
-------+----------+-------------------------------------------
     0 | D:1      | Crownlay the Gnoll Ice Elementalist began the quest for the
                  | Orb.
     0 | D:1      | Reached XP level 1. HP: 13/13 MP: 6/6
   146 | D:1      | Reached XP level 2. HP: 20/20 MP: 3/7
   807 | D:1      | Reached XP level 3. HP: 25/25 MP: 9/9
   833 | D:1      | Found a faded altar of an unknown god.
   995 | D:1      | Reached skill level 5 in Spellcasting
  1152 | D:1      | Found Destry's Distillery.
  1359 | D:1      | Learned a level 3 spell: Frozen Ramparts
  1363 | D:1      | Learned a level 3 spell: Ozocubu's Armour
  1413 | D:2      | Reached skill level 1 in Invocations
  1519 | D:2      | Noticed an ogre
  1527 | D:2      | Killed an ogre
  1528 | D:2      | Reached skill level 1 in Fighting
  1528 | D:2      | Reached skill level 1 in Short Blades
  1528 | D:2      | Reached skill level 1 in Long Blades
  1528 | D:2      | Reached skill level 1 in Axes
  1528 | D:2      | Reached skill level 1 in Maces & Flails
  1528 | D:2      | Reached skill level 1 in Polearms
  1528 | D:2      | Reached skill level 1 in Staves
  1528 | D:2      | Reached skill level 1 in Slings
  1528 | D:2      | Reached skill level 1 in Bows
  1528 | D:2      | Reached skill level 1 in Crossbows
  1528 | D:2      | Reached skill level 1 in Throwing
  1528 | D:2      | Reached skill level 1 in Armour
  1528 | D:2      | Reached skill level 1 in Shields
  1528 | D:2      | Reached skill level 1 in Unarmed Combat
  1528 | D:2      | Reached skill level 1 in Conjurations
  1528 | D:2      | Reached skill level 1 in Hexes
  1528 | D:2      | Reached skill level 1 in Summonings
  1528 | D:2      | Reached skill level 1 in Necromancy
  1528 | D:2      | Reached skill level 1 in Translocations
  1528 | D:2      | Reached skill level 1 in Transmutations
  1528 | D:2      | Reached skill level 1 in Fire Magic
  1528 | D:2      | Reached skill level 1 in Air Magic
  1528 | D:2      | Reached skill level 1 in Earth Magic
  1528 | D:2      | Reached skill level 1 in Poison Magic
  1528 | D:2      | Reached skill level 1 in Evocations
  1528 | D:2      | Reached XP level 4. HP: 32/32 MP: 3/11
  1528 | D:2      | Reached XP level 5. HP: 37/37 MP: 3/12
  1728 | D:2      | Found a burning altar of Makhleb.
  2134 | D:2      | Noticed Jessica
  2138 | D:2      | Killed Jessica
  2248 | D:2      | Noticed Sigmund
  2264 | D:2      | Killed Sigmund
  2265 | D:2      | Reached skill level 5 in Dodging
  2265 | D:2      | Reached XP level 6. HP: 31/44 MP: 4/14
  2901 | D:3      | Found a burning altar of Makhleb.
  3527 | D:3      | Learned a level 4 spell: Hailstorm
  3703 | D:3      | Reached XP level 7. HP: 43/50 MP: 15/15
  5107 | D:5      | Entered Level 5 of the Dungeon
  5141 | D:5      | Reached skill level 5 in Stealth
  5456 | D:5      | Found an opulent altar of Gozag.
  5595 | D:5      | Found Nukheod's Overcharged Wands.
  5689 | D:5      | Found a glowing silver altar of Zin.
  5819 | D:5      | Reached XP level 8. HP: 29/57 MP: 7/16
  6259 | D:6      | Reached skill level 6 in Spellcasting
  6386 | D:6      | Found a snail-covered altar of Cheibriados.
  6986 | D:6      | Found a staircase to the Ecumenical Temple.
  6995 | Temple   | Entered the Ecumenical Temple
  7004 | Temple   | Became a worshipper of Uskayaw the Reveller
  7077 | D:7      | Noticed Duvessa
  7077 | D:7      | Noticed Dowan
  7077 | D:7      | Found a shadowy altar of Dithmenos.
  7285 | D:6      | Reached * piety under Uskayaw
  7287 | D:6      | Reached ** piety under Uskayaw
  7533 | D:6      | Reached *** piety under Uskayaw
  7540 | D:6      | Reached **** piety under Uskayaw
  7541 | D:6      | Reached XP level 9. HP: 54/65 MP: 10/18
  7821 | D:6      | Found an ornate altar of the Wu Jian Council.
  8082 | D:7      | Reached ***** piety under Uskayaw
  8545 | D:7      | Killed Duvessa
  8554 | D:7      | Killed Dowan
  8685 | D:7      | Noticed a troll
  8696 | D:7      | Killed a troll
  9249 | D:8      | Found a staircase to the Lair.
  9250 | D:8      | Noticed a komodo dragon
  9271 | D:8      | Found a sand-covered staircase.
  9288 | D:8      | Killed a komodo dragon
  9289 | D:8      | Reached skill level 5 in Invocations
  9298 | Ossuary  | Entered an ossuary
  9987 | D:8      | Noticed a boulder beetle
  9996 | D:8      | Killed a boulder beetle
  9997 | D:8      | Reached skill level 5 in Fighting
  9997 | D:8      | Reached skill level 5 in Short Blades
  9997 | D:8      | Reached skill level 5 in Long Blades
  9997 | D:8      | Reached skill level 5 in Axes
  9997 | D:8      | Reached skill level 5 in Maces & Flails
  9997 | D:8      | Reached skill level 5 in Polearms
  9997 | D:8      | Reached skill level 5 in Staves
  9997 | D:8      | Reached skill level 5 in Slings
  9997 | D:8      | Reached skill level 5 in Bows
  9997 | D:8      | Reached skill level 5 in Crossbows
  9997 | D:8      | Reached skill level 5 in Throwing
  9997 | D:8      | Reached skill level 5 in Armour
  9997 | D:8      | Reached skill level 5 in Shields
  9997 | D:8      | Reached skill level 5 in Unarmed Combat
  9997 | D:8      | Reached skill level 7 in Spellcasting
  9997 | D:8      | Reached skill level 5 in Evocations
  9997 | D:8      | Reached XP level 10. HP: 39/74 MP: 13/20
 10252 | D:8      | Found Osyh's Armour Emporium.
 10444 | D:8      | Found a blossoming altar of Fedhas.
 10444 | D:8      | Found a shimmering altar of Xom.
 10444 | D:8      | Found a broken altar of Ashenzari.
 10715 | D:9      | Noticed Psyche
 10729 | D:9      | Killed Psyche
 10995 | D:9      | Found Dygidel's Assorted Antiques.
 11139 | D:9      | Found Hiomieg's Distillery.
 11189 | D:9      | Found Rirr's Antique Armour Boutique.
 11267 | D:9      | Bought a pair of pitted gloves for 237 gold pieces
 11267 | D:9      | Identified the +1 pair of gloves "Vinom" {-Tele rN+++ Will+
                  | Stlth-} (You bought it in a shop on level 9 of the Dungeon)
 11397 | D:9      | Found Ugaisi Limp's Magic Scroll Shop.
 11405 | D:9      | Bought a scroll of identify for 26 gold pieces
 11405 | D:9      | Bought a scroll of identify for 26 gold pieces
 11405 | D:9      | Bought a scroll of identify for 26 gold pieces
 11405 | D:9      | Bought a scroll of identify for 26 gold pieces
 11494 | D:9      | Reached ****** piety under Uskayaw
 11533 | D:9      | Found a staircase to the Orcish Mines.
 11796 | D:9      | Found Gulag's Assorted Antiques.
 12062 | D:9      | Found an ancient bone altar of Kikubaaqudgha.
 12244 | D:10     | Entered Level 10 of the Dungeon
 12254 | D:10     | Noticed Maggie
 12266 | D:10     | Killed Maggie
 12347 | D:10     | Found Qisez's Book Shoppe.
 12384 | D:10     | Noticed Urug
 12396 | D:10     | Killed Urug
 12397 | D:10     | Reached XP level 11. HP: 44/81 MP: 16/22
 12813 | D:10     | Identified the +0 kite shield of Amaabir {rC+ Will++ Str+2}
 12940 | D:10     | Reached skill level 5 in Conjurations
 12940 | D:10     | Reached skill level 5 in Hexes
 12940 | D:10     | Reached skill level 5 in Summonings
 12940 | D:10     | Reached skill level 5 in Necromancy
 12940 | D:10     | Reached skill level 5 in Translocations
 12940 | D:10     | Reached skill level 5 in Transmutations
 12940 | D:10     | Reached skill level 5 in Fire Magic
 12940 | D:10     | Reached skill level 5 in Air Magic
 12940 | D:10     | Reached skill level 5 in Earth Magic
 12940 | D:10     | Reached skill level 5 in Poison Magic
 13164 | D:10     | Reached skill level 8 in Spellcasting
 13564 | D:11     | Found a shimmering altar of Xom.
 13565 | D:11     | Found a shimmering altar of Xom.
 13580 | D:11     | Found a shimmering altar of Xom.
 13580 | D:11     | Found a shimmering altar of Xom.
 13581 | D:11     | Found a shimmering altar of Xom.
 13581 | D:11     | Found a shimmering altar of Xom.
 13582 | D:11     | Found a shimmering altar of Xom.
 13597 | D:11     | Noticed a four-headed hydra
 13605 | D:11     | Killed a four-headed hydra
 13672 | D:11     | Noticed a cyclops
 13674 | D:11     | Found Xypriv's Assorted Antiques.
 13688 | D:11     | Killed a cyclops
 13871 | D:11     | Noticed a two-headed ogre
 13882 | D:11     | Killed a two-headed ogre
 14091 | D:11     | Noticed a deep elf pyromancer
 14096 | D:11     | Killed a deep elf pyromancer
 14450 | Lair:1   | Entered Level 1 of the Lair of Beasts
 14726 | Lair:1   | Identified a scroll of acquirement
 14905 | Lair:1   | Reached XP level 12. HP: 89/89 MP: 20/24
 15116 | Lair:1   | Acquired the ring "Olluemui" {rPois AC+4 Int+7}
 15223 | Lair:2   | Found a staircase to the Shoals.
 15437 | Lair:2   | Found a hole to the Spider Nest.
 15614 | Lair:2   | Found an iron altar of Okawaru.
 15861 | Lair:2   | Noticed a four-headed hydra
 15870 | Lair:2   | Killed a four-headed hydra
 15871 | Lair:2   | Reached skill level 9 in Spellcasting
 16456 | Lair:2   | Learned a level 4 spell: Summon Ice Beast
 16697 | Lair:3   | Identified the +0 ring mail of Defiance {+Blink}
 17512 | Lair:4   | Noticed a death yak
 17516 | Lair:4   | Noticed a death yak
 17517 | Lair:4   | Noticed a death yak
 17520 | Lair:4   | Noticed a death yak
 17534 | Lair:4   | Killed a death yak
 17535 | Lair:4   | Reached XP level 13. HP: 71/98 MP: 21/26
 18101 | Lair:4   | You fall into a shaft and drop 2 floors!
 18101 | Lair:6   | Entered Level 6 of the Lair of Beasts
 18391 | Lair:5   | Noticed Rupert
 18425 | Lair:5   | Killed Rupert
 18426 | Lair:5   | Reached skill level 10 in Ice Magic
 19231 | Lair:5   | Reached skill level 10 in Spellcasting
 19234 | Lair:5   | Reached XP level 14. HP: 71/106 MP: 21/28
 19403 | Lair:5   | Reached skill level 10 in Dodging
 19951 | Lair:5   | Identified the +6 scimitar "Liganne" {freeze, Int+3}
 20004 | Lair:6   | Noticed Snorg
 20017 | Lair:6   | Killed Snorg
 20018 | Lair:6   | Reached skill level 10 in Stealth
 20250 | Lair:6   | Found a viscous altar of Jiyva.
 20251 | Lair:6   | Found a staircase to the Slime Pits.
 20293 | Lair:6   | Found a transporter.
 20410 | Lair:6   | Reached skill level 10 in Invocations
 21274 | Lair:6   | Found a corrupted altar of Lugonu.
 21274 | Lair:6   | Found a one-way gate to the infinite horrors of the Abyss.
 21317 | Lair:6   | Got Doipakhlo's Collected Works on Earthen Changing
 21429 | Lair:6   | Noticed a cacodemon
 21439 | Lair:6   | Found a transporter.
 21664 | Lair:6   | Noticed MeltyBlood's ghost (journeyman DDHu)
 21914 | Orc:1    | Entered Level 1 of the Orcish Mines
 22116 | Orc:1    | Noticed Josephine
 22129 | Orc:1    | Noticed Erolcha
 22130 | Orc:1    | Killed Josephine
 22150 | Orc:1    | Killed Erolcha
 22404 | Orc:1    | Found Ysingo's Distillery.
 22412 | Orc:1    | Bought a potion of degeneration for 14 gold pieces
 22412 | Orc:1    | Bought a potion of cancellation for 112 gold pieces
 22557 | Orc:1    | Noticed an orc warlord
 22710 | Orc:1    | Killed an orc warlord
 23030 | Orc:2    | Entered Level 2 of the Orcish Mines
 23049 | Orc:2    | Found Vikloicw's Weapon Shop.
 23051 | Orc:2    | Found a staircase to the Elven Halls.
 23077 | Orc:2    | Reached XP level 15. HP: 115/115 MP: 11/29
 23189 | Orc:2    | Reached skill level 11 in Spellcasting
 23407 | Orc:2    | Found Rofueb's General Store.
 23408 | Orc:2    | Found Giruluka's Antique Armour Emporium.
 23456 | Orc:2    | Found Zaosuyl's Distillery.
 23504 | Orc:2    | Reached skill level 10 in Fighting
 23504 | Orc:2    | Reached skill level 10 in Short Blades
 23504 | Orc:2    | Reached skill level 10 in Long Blades
 23504 | Orc:2    | Reached skill level 10 in Axes
 23504 | Orc:2    | Reached skill level 10 in Maces & Flails
 23504 | Orc:2    | Reached skill level 10 in Polearms
 23504 | Orc:2    | Reached skill level 10 in Staves
 23504 | Orc:2    | Reached skill level 10 in Slings
 23504 | Orc:2    | Reached skill level 10 in Bows
 23504 | Orc:2    | Reached skill level 10 in Crossbows
 23504 | Orc:2    | Reached skill level 10 in Throwing
 23504 | Orc:2    | Reached skill level 10 in Armour
 23504 | Orc:2    | Reached skill level 10 in Shields
 23504 | Orc:2    | Reached skill level 10 in Unarmed Combat
 23504 | Orc:2    | Reached skill level 10 in Evocations
 23507 | Orc:2    | Bought a scroll of blinking for 105 gold pieces
 23586 | Orc:2    | Noticed Nessos
 23626 | Orc:2    | Shot with an arrow by Nessos

Illustrated notes

Levels and vault maps discovered:
D:1:      minmay_arrival_cross, layout_basic, serial_shops, shop,
          hellmonk_ecumenical_altar_lost_god, st_stairs_9
D:2:      layout_basic, basic_altar, minivault_27, uniq_sigmund, uniq_jessica
D:3:      layout_loops_ring, mainiacjoe_overflow_six_doors_small,
          kennysheep_generic_room_7
D:4:      layout_loops_ring
D:5:      layout_basic, pdpol_temple_overflow_zin_treasury_gozag_greed,
          minmay_misc_feat_five, nicolae_shop_overcharged_wands
D:6:      layout_layer_cave, kennysheep_mini, lemuel_crystal_altar,
          minmay_temple_entry_waves, chequers_serial_rivers_small_b,
          chequers_serial_rivers_small_a, minmay_unpleasant_kobolds
D:7:      layout_gridville, nicolae_dithmenos_the_darkroom, uniq_duvessa
D:8:      layout_rooms, gammafunk_temple_overflow_claw, david_lair_shrubbed,
          nicolae_ossuary_entry_ruins, chequers_jeans, grunt_decor_cap,
          kennysheep_windowed_goal
D:9:      layout_loops_ring, mainiacjoe_overflow_alcove_2, zombieorc2_lemuel,
          serial_shops, nicolae_shop_statue_plus, shop_statue,
          nicolae_shop_overgrown_old_shop, shop, shop_fountains, uniq_psyche
D:10:     layout_roguey [special_room_bee], serial_shops,
          nicolae_lakefront_shop, uniq_urug, uniq_maggie
D:11:     layout_roguey, serial_shops, shop_fountains, xom_redecorated
Temple:   nicolae_temple_x_marks_the_god
Lair:1:   layout_chaotic_city
Lair:2:   layout_layer_cave, minmay_shoals_entry_beasts,
          spider_nest_entry_funnel_web, chequers_serial_rivers_micro_d,
          nicolae_quartered_pool_medium, lemuel_oklob_altar
Lair:3:   layout_small_grid, grunt_megastairs_2
Lair:4:   layout_roguey, minivault_27, chequers_serial_rivers_small_b,
          small_statue_intersection
Lair:5:   layout_cave_pods, minmay_lindwurm_lava, uniq_rupert
Lair:6:   hellmonk_lair_end_abyssal_woods, layout_concentric_octagons,
          slime_altar_1, gammafunk_ghost_abyssal_escape, guppyfry_lair_drakes,
          infiniplex_staircase_pool, uniq_snorg
Orc:1:    layout_diamond_mine, serial_shops, shop, roderic_batcave,
          mines1_david, uniq_josephine, uniq_erolcha
Orc:2:    st_orc_open, layout_caves, uniq_nessos

Skill      XL: |  1  2  3  4  5  6  7  8  9 10 11 12 13 14 15 |
---------------+----------------------------------------------+-----
Spellcasting   | 5 6 7 8 9 10 11 | 11.1
Invocations    | 1 2 3 4 5 6 7 8 9 10 | 10.8
Fighting       | 1 2 3 5 6 7 8 9 10 | 10.0
Short Blades   | 1 2 3 5 6 7 8 9 10 | 10.0
Long Blades    | 1 2 3 5 6 7 8 9 10 | 10.0
Axes           | 1 2 3 5 6 7 8 9 10 | 10.0
Maces & Flails | 1 2 3 5 6 7 8 9 10 | 10.0
Polearms       | 1 2 3 5 6 7 8 9 10 | 10.0
Staves         | 1 2 3 5 6 7 8 9 10 | 10.0
Slings         | 1 2 3 5 6 7 8 9 10 | 10.0
Bows           | 1 2 3 5 6 7 8 9 10 | 10.0
Crossbows      | 1 2 3 5 6 7 8 9 10 | 10.0
Throwing       | 1 2 3 5 6 7 8 9 10 | 10.0
Armour         | 1 2 3 5 6 7 8 9 10 | 10.0
Shields        | 1 2 3 5 6 7 8 9 10 | 10.0
Unarmed Combat | 1 2 3 5 6 7 8 9 10 | 10.0
Conjurations   | 1 2 3 4 5 6 7 8 |  8.4
Hexes          | 1 2 3 4 5 6 7 8 |  8.4
Summonings     | 1 2 3 4 5 6 7 8 |  8.4
Necromancy     | 1 2 3 4 5 6 7 8 |  8.4
Translocations | 1 2 3 4 5 6 7 8 |  8.4
Transmutations | 1 2 3 4 5 6 7 8 |  8.4
Fire Magic     | 1 2 3 4 5 6 7 8 |  8.4
Air Magic      | 1 2 3 4 5 6 7 8 |  8.4
Earth Magic    | 1 2 3 4 5 6 7 8 |  8.4
Poison Magic   | 1 2 3 4 5 6 7 8 |  8.4
Evocations     | 1 2 3 5 6 7 8 9 10 | 10.0
Dodging        | 5 6 7 8 9 10 | 10.9
Stealth        | 5 6 7 8 9 10 | 10.8
Ice Magic      | 8 9 10 | 10.9

Action                   |  1- 3 |  4- 6 |  7- 9 | 10-12 | 13-15 || total
-------------------------+-------+-------+-------+-------+-------++-------
Melee: Bite              |     2 |     6 |    49 |    57 |    40 ||   154
       Falchion          |    26 |    69 |   148 |       |       ||   243
       Punch             |       |     1 |    10 |     6 |       ||    17
       Staff             |       |       |   218 |   413 |   493 ||  1124
Throw: Boomerang         |       |       |     2 |     7 |     4 ||    13
       Javelin           |       |       |       |       |     7 ||     7
 Cast: Freeze            |    21 |       |    16 |     7 |    11 ||    55
       Frozen Ramparts   |     2 |    11 |    50 |    57 |    73 ||   193
       Ozocubu's Armour  |     2 |     7 |    21 |    35 |    30 ||    95
       Hailstorm         |       |       |       |    11 |    21 ||    32
       Summon Ice Beast  |       |       |       |     3 |    30 ||    33
Evoke: Wand              |       |       |       |       |     7 ||     7
  Use: Scroll            |       |       |    13 |    12 |     2 ||    27
       Potion            |       |       |     1 |     2 |     8 ||    11
 Stab: Sleeping          |     5 |     6 |     3 |     2 |     1 ||    17
       Paralysed         |       |       |     9 |    38 |    40 ||    87
       Distracted        |       |       |       |       |     1 ||     1
Armor: Robe              |     9 |    18 |    80 |       |       ||   107
       Steam dragon scal |       |       |    55 |   182 |   169 ||   406
Dodge: Dodged            |    29 |    65 |   307 |   239 |   203 ||   843
Block: Kite shield       |       |       |       |    88 |   241 ||   329
       Rpst.: Falchion   |    10 |    19 |    42 |       |       ||    71
